 Dungeon Crawl Stone Soup version 0.28.0-56-g4927b6849a (webtiles) character file.

Game seed: 9487413438713856146

240 NotaViper the Cudgeller (level 5, -1/47 HPs)
             Began as a Minotaur Berserker on Feb 3, 2023.
             Was a Priest of Trog.
             Slain by a gnoll
             ... wielding a +0 halberd
              (12 damage)
             ... on level 4 of the Dungeon on Feb 6, 2023.
             The game lasted 00:23:19 (4034 turns).

NotaViper the Cudgeller (Minotaur Berserker)        Turns: 4034, Time: 00:23:21

Health: -1/47      AC:  7    Str: 24    XL:     5   Next: 80%
Magic:  4/4        EV: 10    Int:  4    God:    Trog [***...]
Gold:   91         SH:  5    Dex:  9    Spells: 4/4 levels left

rFire   . . .      SeeInvis .   I - +4 rapier
rCold   . . .      Faith    .   (no shield)
rNeg    . . .      Spirit   .   l - +1 scale mail
rPois   .          Reflect  +   (helmet restricted)
rElec   .          Harm     .   (no cloak)
rCorr   .          Rampage  .   (no gloves)
Will    .....                   (no boots)
Stlth   ..........              A - amulet of reflection
HPRegen 0.15/turn               (no ring)
MPRegen 0.09/turn               (no ring)

@: no status effects
A: horns 2, retaliatory headbutt
a: Renounce Religion, Berserk, Trog's Hand


You were on level 4 of the Dungeon.
You worshipped Trog.
Trog was most pleased with you.
You visited 1 branch of the dungeon, and saw 4 of its levels.

You collected 91 gold pieces.

Inventory:

Hand Weapons
 a - a +0 mace
 d - a +0 short sword
 e - a +0 dagger
 f - a +0 short sword
 g - a +0 club
 h - a +0 dagger
 m - a +1 flail
 n - a +0 hunting sling
 p - a +0 dagger
 r - a +0 short sword
 s - a +0 short sword
 w - a +0 scimitar
 y - a +0 hand axe
 B - a +0 trident
 I - a +4 rapier (weapon)
Missiles
 c - 54 stones (quivered)
 k - 4 large rocks
 v - 70 arrows
 D - 3 curare-tipped darts
 E - 25 sling bullets
Armour
 b - a +0 animal skin
 j - a +0 leather armour
 l - a +1 scale mail (worn)
 q - a +0 leather armour
 t - the +0 helmet of the Ditch-Digger {rPois Int+7 Slay+3 Stlth-}
   (You found it on level 2 of the Dungeon)

   Int:       It affects your intelligence (+7).
   Slay:      It affects your accuracy & damage with ranged weapons and melee
   (+3).
   rPois:     It protects you from poison.
   Stlth:     It makes you less stealthy.
 u - a +0 robe
Jewellery
 A - an amulet of reflection (around neck)
 C - an amulet of the acrobat
Wands
 G - a wand of iceblast (11)
 H - a wand of digging (8)
Scrolls
 x - a scroll of immolation
 z - a scroll of holy word
Potions
 i - a potion of curing {unknown}
 o - 5 potions of brilliance
 F - a potion of cancellation {unknown}


   Skills:
 + Level 4.5 Fighting
 + Level 5.9 Maces & Flails
 + Level 1.5 Throwing
 + Level 3.6 Armour
 + Level 3.1 Dodging
 + Level 0.2 Stealth
 + Level 0.4 Shields


You had 4 spell levels left.
You didn't know any spells.
Your spell library contained the following spells:

 Spells                   Type           Power      Damage    Failure   Level
 Magic Dart               Conj           0%         1d3       80%         1
 Blink                    Tloc           0%         N/A       90%         2
 Corpse Rot               Necr/Air       0%         N/A       90%         2
 Poisonous Vapours        Pois/Air       0%         N/A       90%         2
 Searing Ray              Conj           0%         2d4       90%         2
 Lesser Beckoning         Tloc           0%         N/A       99%         3
 Fulminant Prism          Conj/Hex       0%         3d6       100%        4
 Manifold Assault         Tloc           0%         N/A       100%        5


Dungeon Overview and Level Annotations

Branches:
Dungeon (4/15)
 Temple: D:4-7

Altars:


Innate Abilities, Weirdness & Mutations

You have a pair of horns on your head.
You reflexively headbutt those who attack you in melee.


Message History

Press: ? - help, Q - select action, (/) - cycle Shift-Dir - straight line, f - gnoll
Aim: a gnoll, wielding a +0 flail (60% to hit)
You throw a stone. The stone hits the gnoll.
The gnoll is lightly wounded.
You barely miss the gnoll.
The gnoll is lightly wounded.
The gnoll closely misses you.
You hit the gnoll. You headbutt the gnoll!
You kill the gnoll!
Trog accepts your kill.
The gnoll hits you from afar with a +0 spear.
The gnoll shouts!
An adder skeleton comes into view.
The gnoll hits you with a +0 spear.
You see here a +0 flail.
You hit the gnoll but do no damage. You headbutt the gnoll.
The gnoll is heavily wounded.
You block the gnoll's attack. The gnoll hits you with a +0 spear!
You hit the gnoll. You headbutt the gnoll.
You kill the gnoll!
Trog accepts your kill.
The gnoll shouts!
The gnoll hits you with a +0 club.
Things that are here:
a +0 spear; a stone; a gnoll corpse The gnoll barely misses you.
You completely miss the gnoll.
The gnoll is lightly wounded.
The endoplasm barely misses you.
You hit the gnoll.
The gnoll is moderately wounded.
You block the endoplasm's attack. The gnoll hits you with a +0 club.
You hit the gnoll.
The gnoll is heavily wounded.
The gnoll hits you from afar with a +0 halberd.
The endoplasm freezes you.
You are frozen.
The gnoll hits you with a +0 club.
* * * LOW HITPOINT WARNING * * *
The gnoll hits you from afar with a +0 halberd!
You die...

..#...#.........###
..#...#.######....#
...)..........#.#.#
.....########.#.#.#
.....##.... #.#.#.# .#
........###(#.#.#.# ###.#
..#####.....#.#...# ....#
..............####### #...
..##..........))@g..###.###
..# ...$#######ZJ.....)..#
..# .. #g.........# ###
#..........# #..........#
#..........# #..........#
##.. #....####### .J..
#....≈≈≈≈∩#


You could see 2 gnolls, an endoplasm and an adder skeleton.

Vanquished Creatures
  A jelly (D:4)
  Jessica (D:3)
  4 adders
  2 gnolls (D:4)
  A river rat (D:4)
  A shadow imp (D:3)
  3 worms
  A dart slug (D:3)
  7 orcs
  7 ball pythons
  6 bats
  4 endoplasms
  5 giant cockroaches
  5 goblins
  6 hobgoblins
  13 jackals
  11 kobolds
  4 quokkas
  A frilled lizard (D:1)
  10 rats
93 creatures vanquished.

Notes
Turn   | Place    | Note
-------+----------+-------------------------------------------
     0 | D:1      | NotaViper the Minotaur Berserker began the quest for the
                  | Orb.
     0 | D:1      | Reached XP level 1. HP: 19/19 MP: 0/0
   333 | D:1      | Reached XP level 2. HP: 16/27 MP: 1/1
   520 | D:1      | Reached skill level 4 in Maces & Flails
  1016 | D:1      | Found a faded altar of an unknown god.
  1362 | D:2      | Reached ** piety under Trog
  1363 | D:2      | Reached XP level 3. HP: 33/33 MP: 2/2
  1457 | D:2      | Identified the +0 helmet of the Ditch-Digger {rPois Int+7
                  | Slay+3 Stlth-}
  2309 | D:2      | Reached skill level 5 in Maces & Flails
  2309 | D:2      | Reached XP level 4. HP: 23/40 MP: 3/3
  2810 | D:3      | Noticed Jessica
  2817 | D:3      | Killed Jessica
  3057 | D:3      | Reached XP level 5. HP: 45/46 MP: 4/4
  3778 | D:4      | Reached skill level 1 in Throwing
  3782 | D:4      | Reached *** piety under Trog
  3800 | D:4      | Found a glowing drain.
  4034 | D:4      | Slain by a gnoll

Illustrated notes

Levels and vault maps discovered:
D:1:      lemuel_arrival_tunnels, layout_loops_corners,
          nicolae_ecumenical_lake_church
D:2:      layout_basic, minmay_tromino_mix6
D:3:      layout_loops_ring, uniq_jessica
D:4:      layout_basic, portal_sewer_entry_b

Skill      XL: |  1  2  3  4  5 |
---------------+----------------+-----
Maces & Flails | 4 5 |  5.9
Fighting       | 4 |  4.5
Dodging        | 3 |  3.1
Armour         | 3 |  3.6
Throwing       | 1 |  1.5
Stealth        | |  0.2
Shields        | |  0.4

Action                   |  1- 3 |  4- 6 || total
-------------------------+-------+-------++-------
Melee: Mace              |    97 |       ||    97
       Headbutt          |    13 |    14 ||    27
       Flail             |       |    86 ||    86
       Rapier            |       |    20 ||    20
Throw: Stone             |     2 |    51 ||    53
Invok: Berserk           |       |     1 ||     1
  Use: Scroll            |     3 |     5 ||     8
       Potion            |       |     2 ||     2
Armor: Animal skin       |    12 |       ||    12
       Scale mail        |    32 |    44 ||    76
       Leather armour    |     1 |       ||     1
Dodge: Dodged            |    63 |    45 ||   108
Block: Other             |       |    26 ||    26
       Reflection        |       |     1 ||     1
